 Dungeon Crawl Stone Soup version 0.13-a0-2174-g3a0f4b0 (webtiles) character file.

1603 Bloax the Basher (level 8, -1/83 HPs)
             Began as an Ogre Fighter on July 2, 2013.
             Was an Initiate of Cheibriados.
             Slain by an orc wizard
             ... wielding a +0,+0 orcish dagger
              (2 damage)
             ... on Level 6 of the Dungeon.
             The game lasted 00:18:47 (5869 turns).

Bloax the Basher (Ogre Fighter)                     Turns: 5869, Time: 00:18:47

HP  -1/83        AC  5     Str 25      XL: 8   Next: 85%
MP   7/7         EV 11     Int  8      God: Cheibriados [......]
Gold 72          SH  0     Dex 10      Spells:  1 memorised,  6 levels left

Res.Fire  : + . .   See Invis. : .   w - +0 giant spiked club
Res.Cold  : + . .   Warding    : .   q - +2 robe {rF+}
Life Prot.: . . .   Conserve   : .   (shield restricted)
Res.Poison: .       Res.Corr.  : .   (helmet restricted)
Res.Elec. : .       Clarity    : .   (no cloak)
Sust.Abil.: . .     Spirit.Shd : .   (gloves unavailable)
Res.Mut.  : .       Stasis     : .   (boots unavailable)
Res.Rott. : .       Flight     : .   (no amulet)
Saprovore : + . .                    (no ring)
                                     M - ring of invisibility

@: about to teleport, very slow, somewhat resistant to hostile enchantments,
unstealthy
A: unfitting armour, cold resistance 1, fast metabolism 1, saprovore 1, spit
poison 1, tough skin 1, evolution 1
a: Spit Poison, Renounce Religion, Evoke Invisibility


You were on level 6 of the Dungeon.
You worshipped Cheibriados.
Cheibriados was noncommittal.
You were not hungry.

You visited 2 branches of the dungeon, and saw 7 of its levels.

You collected 246 gold pieces.
You spent 194 gold pieces at shops.


Innate Abilities, Weirdness & Mutations

You are too large for most types of armour.
You have a fast metabolism.
You can tolerate rotten meat.
You have tough skin (AC +1).
Your flesh is cold resistant.
You can spit poison.
You evolve.


   Skills:
 + Level 7.6 Fighting
 * Level 9.3 Maces & Flails
 + Level 5.1 Dodging
   Level 2.6 Shields
 + Level 2.0 Necromancy


You had 6 spell levels left.
You knew the following spells:

 Your Spells              Type           Power        Failure   Level  Hunger
a - Animate Skeleton      Necr           N/A          21%         1    ##.....


Dungeon Overview and Level Annotations

Branches:
Dungeon (6/27)             Temple (1/1) D:6
    Orc: D:6-11

Altars:
Ashenzari
Cheibriados
Elyvilon
Fedhas
Kikubaaqudgha
Makhleb
Nemelex Xobeh
Okawaru
Sif Muna
Trog
Vehumet
Xom
Yredelemnul
Zin
the Shining One

Shops:
D:6: [**

Inventory:

Hand weapons
 w - a +0,+0 giant spiked club (weapon)
   (You took it off an ogre on level 5 of the Dungeon)
 P - a -1 blowgun
   (You bought it in a shop on level 6 of the Dungeon)
 T - a +3,+2 anti-magic flail
   (You found it on level 6 of the Dungeon)
Missiles
 k - 24 poisoned needles
Armour
 q - a +2 robe of fire resistance (worn)
   (You took it off Jessica on level 2 of the Dungeon)
 S - a +2 robe of cold resistance
   (You bought it in a shop on level 6 of the Dungeon)
Magical devices
 h - a wand of draining (0)
   (You found it on level 4 of the Dungeon)
 x - a wand of fire (3)
   (You found it on level 3 of the Dungeon)
 y - a wand of random effects (7)
   (You found it on level 6 of the Dungeon)
 O - a wand of polymorph (0)
   (You took it off Eustachio on level 6 of the Dungeon)
Comestibles
 c - a pear
 d - 5 meat rations
 B - 4 bread rations
 C - an apple
 D - 2 chokos
 I - a chunk of worm flesh {@*1}
Scrolls
 a - 2 scrolls of enchant weapon I {unknown}
 b - 3 scrolls of remove curse
 f - a scroll of amnesia {unknown}
 g - 7 scrolls of teleportation
 j - a scroll of identify
 l - a scroll of random uselessness {unknown}
 o - a scroll of curse weapon {unknown}
 t - 2 scrolls of enchant armour {unknown}
 E - 2 scrolls of fog {unknown}
 F - a scroll of blinking {unknown}
 K - a scroll of enchant weapon II {unknown}
 L - a scroll of acquirement {unknown}
 N - a scroll of noise {unknown}
 Q - 3 scrolls of curse armour {unknown}
 U - a scroll of curse jewellery {unknown}
Jewellery
 v - an uncursed ring of ice
   (You found it on level 2 of the Dungeon)
 M - a ring of invisibility (left hand)
   (You found it on level 5 of the Dungeon)
Potions
 e - 3 potions of restore abilities
 i - a potion of heal wounds {unknown}
 n - 2 potions of magic
 r - a potion of confusion {unknown}
 s - 2 potions of poison {!q}
 u - 2 potions of curing
 z - 2 potions of speed
 A - a potion of flight
 J - 2 potions of brilliance
 R - a potion of agility {unknown}
Books
 m - Vehumet's Volume of Confrontation
   (You found it on level 4 of the Dungeon)

   Spells                             Type                      Level
   Magic Dart                         Conjuration                  1
 G - Kikubaaqudgha's Incunabulum of Stolen Souls
   (You found it on level 4 of the Dungeon)

   Spells                             Type                      Level
   Pain                               Necromancy                   1
 H - Sif Muna's Reference Book on Unholy Rituals
   (You found it on level 4 of the Dungeon)

   Spells                             Type                      Level
   *Animate Skeleton                  Necromancy                   1
Magical staves
 p - an uncursed staff of earth {!a}
   (You found it on level 2 of the Dungeon)

#.......).............(#
..........\.............
......................[
.......................
........................
....$..........###......
...............# #.....#
................###.....#
......oo@5...............
.......o.o.=.............
........................
............###.........
.........)..# #....<)<..
...........###.....<)..
...................[..
.....................
..................


You could see a crimson imp and 4 orcs.


Message History

The orc priest is severely wounded.
The orc wizard hits you with an orcish dagger.
The orc closely misses you.
The orc priest invokes the aid of Beogh against you.
Something smites you!
* * * LOW HITPOINT WARNING * * *
You barely miss the orc priest.
The orc priest is severely wounded.
The orc wizard hits you but does no damage.
The orc priest hits you with an orcish club.
* * * LOW HITPOINT WARNING * * *
The orc hits you with an orcish mace!
* * * LOW HITPOINT WARNING * * *
The orc wizard casts a spell.
The orc wizard flickers and vanishes!
Deactivating autopickup; reactivate with Ctrl-A.
An orc comes into view. It is wielding a glowing orcish mace.
You barely miss the orc priest.
The orc priest is severely wounded.
The orc priest hits you with an orcish club.
* * * LOW HITPOINT WARNING * * *
The orc hits you with an orcish mace.
* * * LOW HITPOINT WARNING * * *
It hits you but does no damage.
The orc priest hits you but does no damage.
Unknown command.
You sock the orc priest!
You kill the orc priest!
Cheibriados appreciates the change of pace.
It hits you.
* * * LOW HITPOINT WARNING * * *
Unknown command.
Drink which item? (? for menu, Esc to quit)
Okay, then.
Evoke which item? (* to show all) (? for menu, Esc to quit)
Zapping:
x - a wand of fire {zapped: 4} The bolt of fire hits the orc.
You kill the orc!
Cheibriados appreciates the change of pace.
The orc closely misses you. It hits you.
* * * LOW HITPOINT WARNING * * *
The orc hits you with an orcish short sword.
* * * LOW HITPOINT WARNING * * *
Unknown command.
You miss it.
The crimson imp blinks!
The orc hits you but does no damage. It hits you.
* * * LOW HITPOINT WARNING * * *
The orc hits you but does no damage.
The orc hits you with an orcish short sword.
* * * LOW HITPOINT WARNING * * *
It hits you but does no damage.
Unknown command.
Drink which item? (? for menu, Esc to quit)
You feel better. The orc hits you with an orcish mace!
* * * LOW HITPOINT WARNING * * *
The orc hits you with an orcish mace.
* * * LOW HITPOINT WARNING * * *
The orc barely misses you.
The crimson imp hits you but does no damage.
It hits you but does no damage.
Read which item? (? for menu, Esc to quit)
As you read the scroll of teleportation, it crumbles to dust.
You feel strangely unstable. The orc barely misses you.
The orc closely misses you. The orc hits you with an orcish mace.
* * * LOW HITPOINT WARNING * * *
The crimson imp hits you.
* * * LOW HITPOINT WARNING * * *
It hits you.
You die...

Action                   |  1- 3 |  4- 6 |  7- 9 || total
-------------------------+-------+-------+-------++-------
Melee: Mace              |    86 |       |       ||    86
       Whip              |    78 |   117 |       ||   195
       Flail             |       |    27 |    12 ||    39
       Giant club        |       |       |    58 ||    58
       Giant spiked club |       |       |    74 ||    74
       Unarmed           |       |       |    10 ||    10
Throw: Throwing net      |       |     2 |     2 ||     4
Evoke: Wand              |       |     5 |    12 ||    17
  Use: Potion            |       |     2 |     5 ||     7
       Scroll            |       |       |    11 ||    11
 Stab: Held in net/web   |       |       |     1 ||     1

Vault maps used:
D:1:      saegor_entry_miasma, feat_on_display
D:2:      trog_butcher_becter, uniq_jessica
D:3:      gammafunk_temple_overflow_pools, uniq_iyjb, uniq_grinder
D:4:      grunt_temple_overflow_magic_moments, serial_glass, glass_columns_a,
          glass_columns_c, first_bread
D:5:      elyvilon_altar_1, grunt_ministairs_15
D:6:      minmay_temple_entry_steel_oval, minmay_orc_entry_guard_dogs,
          serial_shops, shop, shop, shop, uniq_duvessa, uniq_menkaure,
          uniq_edmund, uniq_eustachio
Temple:   minmay_temple_bridge_a_8

Notes
Turn   | Place    | Note
--------------------------------------------------------------
     0 | D:1      | Bloax, the Ogre Fighter, began the quest for the Orb.
     0 | D:1      | Reached XP level 1. HP: 23/23 MP: 0/0
    64 | D:1      | Reached skill level 3 in Maces & Flails
   281 | D:1      | Reached XP level 2. HP: 32/32 MP: 1/1
   825 | D:1      | Reached skill level 3 in Dodging
   825 | D:1      | Reached XP level 3. HP: 15/39 MP: 2/2
  1505 | D:2      | Found a bloodstained altar of Trog.
  1510 | D:2      | Reached skill level 4 in Maces & Flails
  1539 | D:2      | Reached skill level 5 in Fighting
  1680 | D:2      | Reached XP level 4. HP: 35/48 MP: 3/3
  1863 | D:2      | Noticed Jessica
  1881 | D:2      | Killed Jessica
  2173 | D:3      | Noticed Ijyb
  2254 | D:3      | Killed Ijyb
  2254 | D:3      | Reached XP level 5. HP: 49/55 MP: 4/4
  2348 | D:3      | Reached skill level 5 in Maces & Flails
  2583 | D:3      | Noticed Grinder
  2588 | D:3      | Killed Grinder
  2588 | D:3      | Reached skill level 6 in Fighting
  2588 | D:3      | Reached skill level 6 in Maces & Flails
  2588 | D:3      | Reached XP level 6. HP: 65/65 MP: 5/5
  2648 | D:3      | Found a sparkling altar of Nemelex Xobeh.
  2649 | D:3      | Found a basalt altar of Yredelemnul.
  2657 | D:3      | Reached skill level 4 in Dodging
  2820 | D:3      | Reached XP level 7. HP: 53/72 MP: 6/6
  2921 | D:3      | Reached skill level 7 in Maces & Flails
  3084 | D:4      | Found a radiant altar of Vehumet.
  3088 | D:4      | Identified Vehumet's Volume of Confrontation
  3092 | D:4      | Found an ancient bone altar of Kikubaaqudgha.
  3096 | D:4      | Identified Kikubaaqudgha's Incunabulum of Stolen Souls
  3100 | D:4      | Found a deep blue altar of Sif Muna.
  3104 | D:4      | Identified Sif Muna's Reference Book on Unholy Rituals
  3107 | D:4      | Learned a level 1 spell: Animate Skeleton
  3862 | D:5      | Entered Level 5 of the Dungeon
  3895 | D:5      | Reached skill level 1 in Necromancy
  4087 | D:5      | Reached skill level 8 in Maces & Flails
  4196 | D:5      | Reached skill level 7 in Fighting
  4196 | D:5      | Reached XP level 8. HP: 62/83 MP: 7/7
  4379 | D:5      | Found a white marble altar of Elyvilon.
  5005 | D:6      | Noticed Menkaure
  5005 | D:6      | Noticed Eustachio
  5009 | D:6      | Killed Menkaure
  5029 | D:6      | Found Koreda Naora's Assorted Antiques.
  5037 | D:6      | Killed Eustachio
  5037 | D:6      | Reached skill level 9 in Maces & Flails
  5240 | D:6      | Bought a runed blowgun for 60 gold pieces
  5251 | D:6      | Gained mutation: You evolve. [potion of mutation]
  5251 | D:6      | Gained mutation: Your flesh is cold resistant. [potion of mutation]
  5251 | D:6      | Gained mutation: You can spit poison. [potion of mutation]
  5333 | D:6      | Found Kluheuj's Assorted Antiques.
  5658 | D:6      | Bought 3 scrolls labeled MIOSODECIU for 60 gold pieces
  5658 | D:6      | Bought a runed robe for 14 gold pieces
  5658 | D:6      | Bought a scroll of remove curse for 60 gold pieces
  5689 | D:6      | Noticed Edmund
  5693 | D:6      | Noticed Edmund
  5693 | D:6      | Edmund changed into Edmund the spider
  5699 | D:6      | Killed Edmund the spider
  5699 | D:6      | Reached skill level 5 in Dodging
  5701 | D:6      | Found a staircase to the Ecumenical Temple.
  5717 | Temple   | Entered the Ecumenical Temple
  5769 | Temple   | Became a worshipper of Cheibriados the Contemplative
  5819 | D:6      | Found Smomeosch's Antique Armour Emporium.
  5822 | D:6      | Reached skill level 2 in Necromancy
  5866 | D:6      | HP: 18/83 [something (3)]
  5867 | D:6      | HP: 7/83 [orc/orcish short sword (2)]
  5869 | D:6      | HP: 2/83 [orc/orcish mace (5)]
  5869 | D:6      | Slain by an orc wizard

Vanquished Creatures
  Grinder (D:3)
  Eustachio (D:6)
  Menkaure (D:6)
  3 centaurs
  A giant frog (D:5)
  3 ogres
  A quasit (D:5)
  A spider (D:6)
  A scorpion (D:6)
  2 orc priests
  4 orc wizards
  3 worker ants (D:4)
  Ijyb (D:3)
  Jessica (D:2)
  4 adders
  4 gnolls
  2 worms
  A bat skeleton (D:5)
  A giant mite zombie (D:6)
  5 giant geckos
  2 oozes
  15 orcs
  2 ball pythons
  11 bats
  3 giant cockroaches
  8 goblins
  10 hobgoblins
  5 jackals (D:1)
  14 kobolds
  4 quokkas
  7 giant newts
  13 rats
135 creatures vanquished.

Vanquished Creatures (others)
  A goblin (D:1)
  A rat (D:6)
2 creatures vanquished.

Grand Total: 137 creatures vanquished
